 Dungeon Crawl Stone Soup version 0.26-a0-651-gb41185065b (webtiles) character file.

Game seed: 14413972528687967505

73 Ozzies the Poker (level 4, 0/38 HPs)
             Began as a Merfolk Gladiator on Oct 3, 2020.
             Slain by a goblin
             ... wielding a +0 club
             ... led by Robin
              (5 damage)
             ... on level 1 of the Dungeon.
             The game lasted 00:02:44 (1840 turns).

Ozzies the Poker (Merfolk Gladiator)                Turns: 1840, Time: 00:02:44

Health: 0/38       AC:  4    Str: 15    XL:     4   Next: 27%
Magic:  4/4        EV: 14    Int:  7    God:
Gold:   71         SH:  0    Dex: 15    Spells: 3/3 levels left

rFire    . . .     SeeInvis .   a - +0 trident
rCold    . . .     Faith    .   (no shield)
rNeg     . . .     Spirit   .   b - +0 leather armour
rPois    .         Reflect  .   c - +0 helmet
rElec    .         Harm     .   (no cloak)
rCorr    .         Rampage  .   (no gloves)
MR       .....                  (no boots)
Stlth    +.........             (no amulet)
HPRegen  0.12/turn              (no ring)
MPRegen  0.09/turn              (no ring)

@: no status effects
A: change form in water, swift swim, stealthy swim
a: no special abilities


You were on level 1 of the Dungeon.
You visited 1 branch of the dungeon, and saw 2 of its levels.

You collected 71 gold pieces.

Inventory:

Hand Weapons
 a - a +0 trident (weapon)
Missiles
 d - 3 throwing nets
 m - 8 curare-tipped darts (quivered)
Armour
 b - a +0 leather armour (worn)
 c - a +0 helmet (worn)
Jewellery
 h - an uncursed amulet of guardian spirit {unknown}
Scrolls
 f - a scroll of noise {unknown}
 i - a scroll of fog {unknown}
 j - 3 scrolls of identify {unknown}
Potions
 e - 2 potions of brilliance {unknown}
 g - a potion of berserk rage {unknown}
 k - a potion of heal wounds {unknown}
 l - a potion of mutation {unknown}


   Skills:
 + Level 4.6 Fighting
 - Level 4.6 Polearms
 - Level 2.0 Throwing
 - Level 4.1 Dodging


You had 3 spell levels left.
You didn't know any spells.
Your spell library was empty.

Dungeon Overview and Level Annotations

Branches:
Dungeon (2/15)

Altars:
Ashenzari
Yredelemnul

Annotations:
D:2 Robin, Terence


Message History

You are too injured to fight recklessly!
You are too injured to fight recklessly!
Unknown command.
You are too injured to fight recklessly!
You closely miss the goblin. The goblin closely misses you.
You hit the goblin.
The goblin is moderately wounded.
The hobgoblin completely misses you. The goblin closely misses you.
You barely miss the goblin.
The goblin is moderately wounded.
The hobgoblin hits you with a +0 club.
* * * LOW HITPOINT WARNING * * *
The goblin misses you.
You hit the goblin.
The goblin is almost dead.
The hobgoblin completely misses you. The goblin hits you but does no damage.
You barely miss the goblin.
The goblin is almost dead.
The hobgoblin barely misses you. The goblin hits you with a +0 club.
You die...

#................# #.......
#.##############.# #.###### #.#
#.# #.# #######.#########
#.###'##### ..##............#
#.........# ..##............####
#.........#
#.##...............###.........##
#..####.#..........).'..........#
#..............g@..###..........#
####......######g..........####.#
...#.###.).#####...........####.#
...#.......+....................#
...#...#...##....##........######
##.#.......##.....#........#
#..........'......#........#
#..........##.....##########
#........#.########


You could see a hobgoblin and a goblin (strong).

Vanquished Creatures
  Natasha (D:2)
  2 oozes
  A worm (D:2)
  3 dart slugs (D:1)
  A leopard gecko (D:1)
  2 giant cockroaches
  2 hobgoblins
  3 kobolds (D:1)
  2 bats (D:1)
  11 goblins
28 creatures vanquished.

Notes
Turn   | Place    | Note
-------+----------+-------------------------------------------
     0 | D:1      | Ozzies the Merfolk Gladiator began the quest for the Orb.
     0 | D:1      | Reached XP level 1. HP: 16/16 MP: 1/1
   645 | D:1      | Reached XP level 2. HP: 23/23 MP: 2/2
   806 | D:1      | Found a broken altar of Ashenzari.
   820 | D:1      | Reached XP level 3. HP: 29/29 MP: 3/3
  1657 | D:2      | Noticed Natasha
  1771 | D:2      | Killed Natasha
  1771 | D:2      | Reached XP level 4. HP: 38/38 MP: 4/4
  1784 | D:2      | Found a basalt altar of Yredelemnul.
  1813 | D:2      | Noticed Robin
  1821 | D:2      | Noticed Terence
  1840 | D:1      | Slain by a goblin

Illustrated notes

Levels and vault maps discovered:
D:1:      nagdon_arrival_zigzag_paths, layout_basic, evilmike_ruin_ashenzari
D:2:      layout_basic, kennysheep_ying_yang, uniq_robin, uniq_natasha,
          uniq_terence

Skill      XL: |  1  2  3 |
---------------+----------+-----
Fighting       | 3 4 |  4.6
Polearms       | |  4.6
Throwing       | |  2.0
Dodging        | |  4.1

Action                   |  1- 3 |  4- 6 || total
-------------------------+-------+-------++-------
Melee: Trident           |    69 |    18 ||    87
Armor: Leather armour    |     8 |     7 ||    15
Dodge: Dodged            |    29 |    19 ||    48

Table legend: (Time is in decaauts)
 A = Elapsed time spent in this place.
 B = Non-inter-level travel time spent in this place.
 C = Inter-level travel time spent in this place.
 D = Time resting spent in this place.
 E = Time spent auto-exploring this place.
 F = Levels seen in this place.
 G = Mean time per level.
                   A        B        C        D        E       F      G
               +--------+--------+--------+--------+--------+-----+--------+
         Total |   1847 |   1802 |     45 |    102 |   1524 |   2 |  923.5 |
       Dungeon |   1847 |   1802 |     45 |    102 |   1524 |   2 |  923.5 |
               +--------+--------+--------+--------+--------+-----+--------+

Top non-repeatable levels by time:
     D:1: 1496 daAuts
     D:2: 350 daAuts
